 Dungeon Crawl Stone Soup version 0.31-a0-267-g3fc6992b3b (webtiles) character file.

Game seed: 9900924022389111480

107 qw the Shooter (level 4, 0/36 HPs)
             Began as a Minotaur Hexslinger on July 13, 2023.
             Killed from afar by an orc wizard (5 damage)
             ... with a puff of flame
             ... on level 3 of the Dungeon.
             The game lasted 00:00:54 (2287 turns).

qw the Shooter (Minotaur Hexslinger)                Turns: 2287, Time: 00:00:55

Health: 0/36       AC:  3    Str: 12    XL:     4   Next: 57%
Magic:  4/4        EV: 12    Int: 10    God:
Gold:   183        SH:  0    Dex: 15    Spells: 4/5 levels left

rFire   . . .        Y - +1 sling
rCold   . . .        (no shield)
rNeg    . . .        c - +0 robe {Will+}
rPois   .            (helmet restricted)
rElec   .            i - +0 cloak
rCorr   .            (no gloves)
SInv    .            (no boots)
Will    ++...        (no amulet)
Stlth   +            k - ring of willpower
HPRegen 0.26/turn    (no ring)
MPRegen 0.09/turn

%: no passive effects
@: no status effects
A: horns 2, retaliatory headbutt
a: no special abilities


You were on level 3 of the Dungeon.
You visited 1 branch of the dungeon, and saw 4 of its levels.

You collected 183 gold pieces.


Innate Abilities, Weirdness & Mutations

You have a pair of horns on your head.
You reflexively headbutt those who attack you in melee.


   Skills:
 - Level 2.1 Fighting
 + Level 4.9 Ranged Weapons
 - Level 1.1 Armour
 - Level 2.1 Dodging
 - Level 1.0 Spellcasting
 - Level 2.0 Hexes


You had 4 spell levels left.
You knew the following spells:

 Your Spells              Type           Power      Damage    Failure   Level
a - Slow                  Hex            16%        N/A       16%         1

Your spell library contained the following spells:

 Spells                   Type           Power      Damage    Failure   Level
 Inner Flame              Hex/Fire       2%         N/A       56%         3
 Portal Projectile        Hex/Tloc       4%         N/A       56%         3
 Cause Fear               Hex            2%         N/A       83%         4

Inventory:

Hand Weapons
 Y - a +1 sling (weapon)
Armour
 c - a +0 robe of willpower (worn)
 h - a +0 ring mail
 i - a +0 cloak (worn)
Jewellery
 k - a ring of willpower (left hand)
Scrolls
 f - a scroll of identify
Potions
 a - 2 potions of curing
 b - a potion of mutation

Dungeon Overview and Level Annotations

Branches:
Dungeon (4/15)
 Temple: D:4-7

Altars:
Sif Muna


Message History

Enter note:
Enter note:
Enter note:
Enter note:
Enter note:
Enter note: You start resting.
Something hits you but does no damage.
Deactivating autopickup; reactivate with Ctrl-A.
Autopickup is now on.
You start resting.
Something hits you but does no damage.
Deactivating autopickup; reactivate with Ctrl-A.
You shoot a sling bullet. Something hits you.
You shoot a sling bullet. Something hits you.
You shoot a sling bullet. Something hits you.
You shoot a sling bullet. Something hits you but does no damage.
You shoot a sling bullet. Something hits you but does no damage.
You shoot a sling bullet. Something hits you.
You shoot a sling bullet. Something barely misses you. Something hits you.
You shoot a sling bullet. Something hits you.
You shoot a sling bullet. Something hits you but does no damage.
You shoot a sling bullet. Something hits you.
You shoot a sling bullet. Something hits you.
You shoot a sling bullet.
You hear some strange, mumbled words.
A puff of flame appears from out of thin air!
The puff of flame hits you.
You die...

#.# #.......#.#### #.#
#.#.###....... #.# #.#.# ##.....#
#(# #.#.# #.###.#
##.###.#.####.###.#
######...#..........##.#
##...............##..##.#
#########...#.#...#.......#..##.#
..........#...##@##.............#
.########.....##{##.......#...###
.# ##.#..##.##......##....#. .#
######.#............###...... .#
#......##.#####.#.### ##...## .#
#.#######...# #.#.#######.###
.####.# ###.# #.#.......)....
(..##.# #.# #.#########.###
##.##.# #.# #.# #.# #


There were no monsters in sight!

Vanquished Creatures
  3 adders (D:2)
  A worm (D:3)
  4 dart slugs
  2 orcs (D:4)
  5 bats
  4 endoplasms
  A giant cockroach (D:1)
  4 goblins
  9 hobgoblins
  2 jackals (D:1)
  5 kobolds
  4 quokkas
  13 ball pythons
  4 frilled lizards
  5 rats
66 creatures vanquished.

Notes
Turn   | Place    | Note
-------+----------+-------------------------------------------
     0 | D:1      | qw the Minotaur Hexslinger began the quest for the Orb.
     0 | D:1      | Reached XP level 1. HP: 16/16 MP: 1/1
     0 | D:1      | 0 ||| qw: Version: 0.3-a-52-g30416fa
     0 | D:1      | 0 ||| qw: Game counter: 7765
     0 | D:1      | 0 ||| qw: Melee chars always use a shield: true
     0 | D:1      | 0 ||| qw: God list: Okawaru
     0 | D:1      | 0 ||| qw: Allow faded altars: false
     0 | D:1      | 0 ||| qw: Do Orc after clearing Dungeon:15 true
     0 | D:1      | 0 ||| qw: Do second Lair branch before Depths: true
     0 | D:1      | 0 ||| qw: Lair rune preference: random
     0 | D:1      | 0 ||| qw: Goals: Normal
     0 | D:1      | 0 ||| PLANNING D:1-11
    90 | D:1      | Reached skill level 3 in Ranged Weapons
   135 | D:1      | Reached XP level 2. HP: 23/23 MP: 2/2
   418 | D:1      | Reached XP level 3. HP: 29/29 MP: 3/3
   857 | D:1      | 857 ||| UPGRADING to +0 leather armour.
   867 | D:1      | 867 ||| DROPPING +0 robe.
   868 | D:1      | 868 ||| UPGRADING to +0 ring mail.
   878 | D:1      | 878 ||| DROPPING +0 leather armour.
   879 | D:1      | 879 ||| UPGRADING to +0 cloak.
   884 | D:1      | 884 ||| UPGRADING to ring of willpower.
   885 | D:1      | 885 ||| READING scroll labelled MOISCH FYHERI.
   886 | D:1      | 886 ||| READING 2 scrolls labelled ROUDIXOLOO.
   887 | D:1      | 887 ||| READING scroll labelled YRHICO TELEM.
   888 | D:1      | 888 ||| READING scroll labelled JONTOV RASORCH.
   889 | D:1      | 889 ||| DROPPING scroll of poison.
   926 | D:2      | 926 ||| STAIRDANCE
   951 | D:2      | Reached skill level 4 in Ranged Weapons
   952 | D:2      | Reached skill level 1 in Armour
   990 | D:2      | Reached XP level 4. HP: 36/36 MP: 4/4
  1028 | D:2      | Found a shimmering blue altar of Sif Muna.
  1459 | D:2      | 1459 ||| READING scroll labelled TYSHREA LEOQEA.
  1524 | D:2      | 1524 ||| READING scroll labelled VUPTI ZYEROU.
  1525 | D:2      | 1525 ||| READING scroll labelled LILOINNULUU.
  1528 | D:2      | 1528 ||| READING 3 scrolls of identify.
  1528 | D:2      | 1528 ||| IDENTIFYING bubbling sapphire potion
  1943 | D:3      | 1943 ||| FLEEEEING.
  1945 | D:3      | 1945 ||| FLEEEEING.
  1946 | D:3      | 1946 ||| FLEEEEING.
  1947 | D:3      | 1947 ||| STAIRDANCE
  2037 | D:2      | 2037 ||| UPGRADING to +0 robe of willpower.
  2047 | D:2      | 2047 ||| READING scroll labelled SAMETY YHEGEOT.
  2048 | D:2      | 2048 ||| READING 2 scrolls of identify.
  2048 | D:2      | 2048 ||| IDENTIFYING coppery potion
  2269 | D:4      | 2269 ||| FLEEEEING.
  2270 | D:4      | 2270 ||| FLEEEEING.
  2271 | D:4      | 2271 ||| FLEEEEING.
  2272 | D:4      | 2272 ||| STAIRDANCE
  2283 | D:3      | HP: 8/36 [something (2)]
  2287 | D:3      | Killed from afar by an orc wizard

Levels and vault maps discovered:
D:1:      giann_forest_graveyard, layout_loops_ring, moated_statue,
          minmay_tripent
D:2:      layout_basic, basic_altar
D:3:      layout_loops_ring
D:4:      layout_rooms, okawaru_ov_weapons_minmay, mainiacjoe_overflow_alcove_4,
          nicolae_hepliaklqana_hazy_memory, temple_hall

Skill      XL: |  1  2  3 |
---------------+----------+-----
Ranged Weapons | 3 4 |  4.9
Fighting       | 2 |  2.1
Armour         | 1 |  1.1
Dodging        | |  2.1
Spellcasting   | |  1.0
Hexes          | |  2.0

Action                     |  1- 3 |  4- 6 || total
---------------------------+-------+-------++-------
   Fire: Sling             |   112 |    83 ||   195
    Use: Scroll            |     4 |     6 ||    10
 Armour: Robe              |    10 |     5 ||    15
         Ring mail         |     9 |    15 ||    24
  Dodge: Dodged            |    52 |    23 ||    75

Table legend:
 A = Non-vault XP
 B = Vault XP
 C = Vault XP percentage of total XP
 D = Non-vault monster count
 E = Vault monster count
 F = Vault count percentage of total count
                 A         B        C        D         E       F
            +---------+---------+-------+---------+---------+-------
      Total |     148 |       6 |   3.9 |      64 |       2 |   3.0
            +---------+---------+-------+---------+---------+-------
        D:1 |      53 |       6 |  10.2 |      29 |       2 |   6.5
        D:2 |      73 |       0 |   0.0 |      24 |       0 |   0.0
        D:3 |      15 |       0 |   0.0 |       8 |       0 |   0.0
        D:4 |       7 |       0 |   0.0 |       3 |       0 |   0.0
            +---------+---------+-------+---------+---------+-------
